Description

Don't watch this

Replay - All three matchup build order

Build Order

Get SALT Encoding   

  12  0:00  SCV  
  13  0:13  SCV  
  14  0:17  Supply Depot  
  14  0:25  SCV  
  15  0:28  Refinery  
  15  0:39  SCV  
  16  0:46  Barracks  
  16  0:51  SCV  
  17  1:03  SCV  
  18  1:15  SCV  
  19  1:32  Orbital Command  
  19  1:33  Reaper  
  20  1:47  Command Center  
  20  1:58  SCV  
  21  2:02  Factory  
  21  2:06  Barracks Reactor  
  21  2:10  SCV  
  22  2:17  Supply Depot  
  22  2:20  Refinery  
  22  2:22  SCV  
  23  2:42  Marine x2  
  26  2:47  Starport  
  26  2:48  Widow Mine  
  29  2:59  Orbital Command  
  29  3:00  Marine x2  
  32  3:17  Cyclone  
  35  3:20  Marine x2  
  38  3:27  Medivac  
  41  3:35  Supply Depot  
  41  3:40  Marine x2  
  45  3:53  Factory Tech Lab  
  47  4:08  Starport Reactor  
  47  4:10  Barracks x2  
  47  4:11  Barracks Tech Lab  
  47  4:12  Supply Depot  
  49  4:18  Siege Tank  
  52  4:28  Refinery  
  54  4:32  Engineering Bay  
  54  4:34  Marine, Stimpack  
  55  4:39  Supply Depot  
  57  4:52  Siege Tank  
  62  5:03  Starport Reactor, Marine  
  65  5:11  Terran Infantry Weapons Level 1  
  76  5:41  Medivac x2  
  82  5:50  Siege Tank  
  94  6:21  Medivac x2  
  105  6:34  Command Center  
  111  6:47  Refinery  
  118  7:09  Barracks x2  
Spawning Tool Build Advisor. Get it on Overwolf

Go to:

Details

  • Created by: JhoeBuzz
  • Published on: Apr 09, 2018
  • Modified on: Apr 09, 2018
  • Patch: 4.0.0
Show
View Real Time Build Order
Export as new Build Order

Comments (2)

On April 18, 2018, 2:54 p.m., JhoeBuzz  said:

your welcome

On April 12, 2018, 8 p.m., mememan  said:

um thx

Create an account to comment!